[ PARTIDA AOE2 · #495542132 ]
UnrankedGeorgianos vs Huns
[ ANÁLISIS DE REPETICIÓN · EXTRAÍDO DE LA PARTIDA GRABADA ]
Feudal
11:37
Castillos
15:10
Imperial
—
| APM promedio | 22.4 |
| APM pico | 93 |
| eAPM promedio | 15.0 |
| Aldeanos / militares | 155 / 59 |
Foco
⚔️ 20.0% · 🌾 80.0%
Monaspa ×50 · Spearman ×7 · Monk ×2
Feudal
11:22
Castillos
15:23
Imperial
36:38
| APM promedio | 76.5 |
| APM pico | 157 |
| eAPM promedio | 49.7 |
| Aldeanos / militares | 153 / 76 |
Foco
⚔️ 62.2% · 🌾 37.8%
Tarkan ×42 · Cavalry Archer ×29 · Petard ×3 · Monk ×2
Feudal
12:25
Castillos
17:00
Imperial
—
| APM promedio | 13.2 |
| APM pico | 35 |
| eAPM promedio | 9.5 |
| Aldeanos / militares | 77 / 3 |
Foco
⚔️ 17.0% · 🌾 83.0%
Unknown (2550) ×9 · Scorpion ×3
Feudal
10:06
Castillos
18:22
Imperial
—
| APM promedio | 40.7 |
| APM pico | 92 |
| eAPM promedio | 16.9 |
| Aldeanos / militares | 122 / 170 |
Foco
⚔️ 29.9% · 🌾 70.1%
Spearman ×113 · Camel Scout ×43 · Skirmisher ×5 · Scout Cavalry ×5 · Ghulam ×4
Feudal
10:56
Castillos
14:51
Imperial
27:58
| APM promedio | 46.3 |
| APM pico | 96 |
| eAPM promedio | 23.3 |
| Aldeanos / militares | 168 / 156 |
Foco
⚔️ 31.2% · 🌾 68.8%
Camel Scout ×111 · Knight ×35 · Trebuchet (Packed) ×5 · Petard ×3 · Monk ×2
Feudal
8:56
Castillos
21:47
Imperial
—
| APM promedio | 38.3 |
| APM pico | 114 |
| eAPM promedio | 18.7 |
| Aldeanos / militares | 172 / 21 |
Foco
⚔️ 12.7% · 🌾 87.3%
Steppe Lancer ×21
Feudal
10:52
Castillos
14:49
Imperial
28:03
| APM promedio | 24.1 |
| APM pico | 69 |
| eAPM promedio | 15.5 |
| Aldeanos / militares | 136 / 76 |
Foco
⚔️ 18.5% · 🌾 81.5%
Archer ×71 · Trebuchet (Packed) ×5
Feudal
10:40
Castillos
16:47
Imperial
31:32
| APM promedio | 19.1 |
| APM pico | 42 |
| eAPM promedio | 13.2 |
| Aldeanos / militares | 113 / 72 |
Foco
⚔️ 28.7% · 🌾 71.3%
Archer ×37 · Karambit Warrior ×32 · Trebuchet (Packed) ×2 · Monk ×1
Mapa de la partida
Recursos iniciales + cada clic de construcción. Líneas = muros · curvas = relieve. ◆ oro · ⬟ piedra · ● bayas · ✦ reliquia · ◌ hueco del cierre
Tu base· ✓ Cerrada en 15:10 · 0t muro · 3 puerta(s)
Base de VIT | Hera· ✓ Cerrada en 15:23 · 0t muro · 3 puerta(s)
Base de KaiZerShift· ✓ Cerrada en 17:00 · 12t muro · 2 puerta(s)
Base de Mokez· ✓ Cerrada en 18:22 · 0t muro · 2 puerta(s)
Base de Hommi· ✓ Cerrada en 14:51 · 0t muro · 2 puerta(s)
Base de Chasers· ✓ Cerrada en 21:47 · 0t muro · 2 puerta(s)
Base de King Zilli· ✓ Cerrada en 14:49 · 0t muro · 2 puerta(s)
Base de SukeLW· ✓ Cerrada en 16:47 · 0t muro · 2 puerta(s)
Terreno inicial suavizado · ◌ = hueco del cierre detectado · pasá el cursor para detalles
Inputs por minuto
— [DSbZ]Querkraft - - VIT | Hera
Build order — [DSbZ]Querkraft
Primeras 150 de 322 acciones detectadas
| 0:02 | Crear | Villager (Male) |
| 0:02 | Crear | Villager (Male) |
| 0:03 | Crear | Villager (Male) |
| 0:03 | Crear | Villager (Male) |
| 0:03 | Crear | Villager (Male) |
| 0:05 | Construir | House |
| 0:07 | Construir | House |
| 1:30 | Crear | Villager (Male) |
| 1:30 | Crear | Villager (Male) |
| 2:09 | Crear | Villager (Male) |
| 2:10 | Crear | Villager (Male) |
| 2:20 | Crear | Villager (Male) |
| 2:58 | Crear | Villager (Male) |
| 2:59 | Crear | Villager (Male) |
| 3:37 | Crear | Villager (Male) |
| 3:37 | Crear | Villager (Male) |
| 3:37 | Crear | Villager (Male) |
| 3:44 | Construir | House |
| 3:45 | Construir | House |
| 3:46 | Construir | House |
| 4:35 | Crear | Villager (Male) |
| 4:48 | Crear | Villager (Male) |
| 4:55 | Crear | Villager (Male) |
| 5:03 | Construir | Mill |
| 5:14 | Crear | Villager (Male) |
| 5:58 | Crear | Villager (Male) |
| 6:35 | Crear | Villager (Male) |
| 6:35 | Crear | Villager (Male) |
| 6:35 | Crear | Villager (Male) |
| 7:04 | Construir | Mule Cart |
| 7:12 | Crear | Villager (Male) |
| 7:26 | Crear | Villager (Male) |
| 8:17 | Crear | Villager (Male) |
| 9:24 | Investigar | Feudal Age |
| 9:41 | Construir | Farm |
| 9:42 | Construir | Farm |
| 9:44 | Construir | Farm |
| 9:45 | Construir | Farm |
| 9:46 | Construir | Farm |
| 9:47 | Construir | Farm |
| 11:37 | Edad | Edad Feudal |
| 11:41 | Construir | Market |
| 11:46 | Construir | Blacksmith |
| 12:30 | Investigar | Castle Age |
| 12:30 | Investigar | Castle Age |
| 12:33 | Investigar | Horse Collar |
| 13:21 | Investigar | Double-Bit Axe |
| 15:10 | Edad | Edad de los Castillos |
| 15:15 | Construir | Town Center |
| 15:24 | Construir | Town Center |
| 15:30 | Crear | Villager (Male) |
| 15:35 | Investigar | Heavy Plow |
| 15:39 | Investigar | Bow Saw |
| 16:25 | Construir | Farm |
| 16:26 | Construir | Farm |
| 16:27 | Construir | Farm |
| 16:28 | Construir | Farm |
| 16:30 | Construir | Farm |
| 16:31 | Construir | Farm |
| 16:33 | Construir | Farm |
| 16:48 | Crear | Villager (Male) |
| 16:49 | Crear | Villager (Male) |
| 17:07 | Crear | Villager (Male) |
| 17:08 | Crear | Villager (Male) |
| 17:17 | Construir | Farm |
| 17:19 | Construir | Farm |
| 17:20 | Construir | Farm |
| 17:22 | Crear | Villager (Male) |
| 17:23 | Crear | Villager (Male) |
| 17:23 | Crear | Villager (Male) |
| 17:41 | Crear | Villager (Male) |
| 17:41 | Crear | Villager (Male) |
| 17:46 | Construir | Farm |
| 17:49 | Construir | Farm |
| 17:51 | Construir | Farm |
| 17:54 | Crear | Villager (Male) |
| 17:54 | Crear | Villager (Male) |
| 17:54 | Crear | Villager (Male) |
| 17:54 | Crear | Villager (Male) |
| 18:29 | Construir | Monastery |
| 18:33 | Crear | Villager (Male) |
| 18:33 | Crear | Villager (Male) |
| 18:33 | Crear | Villager (Male) |
| 18:33 | Crear | Villager (Male) |
| 18:39 | Construir | Farm |
| 18:43 | Construir | House |
| 18:46 | Construir | House |
| 18:47 | Construir | House |
| 18:50 | Investigar | Town Watch |
| 19:04 | Investigar | Wheelbarrow |
| 19:07 | Crear | Villager (Male) |
| 19:08 | Crear | Villager (Male) |
| 19:23 | Crear | Monk |
| 19:24 | Crear | Monk |
| 19:26 | Crear | Villager (Male) |
| 19:26 | Crear | Villager (Male) |
| 19:26 | Crear | Villager (Male) |
| 19:31 | Construir | Farm |
| 19:35 | Construir | Farm |
| 19:37 | Construir | Farm |
| 19:39 | Crear | Villager (Male) |
| 19:51 | Crear | Villager (Male) |
| 19:52 | Crear | Villager (Male) |
| 19:52 | Crear | Villager (Male) |
| 20:10 | Crear | Villager (Male) |
| 20:10 | Crear | Villager (Male) |
| 20:16 | Construir | Farm |
| 20:16 | Construir | Farm |
| 20:16 | Construir | Farm |
| 20:17 | Construir | Farm |
| 20:19 | Crear | Villager (Male) |
| 20:19 | Crear | Villager (Male) |
| 20:30 | Construir | Monastery |
| 20:33 | Crear | Villager (Male) |
| 20:33 | Crear | Villager (Male) |
| 20:41 | Crear | Villager (Male) |
| 20:41 | Crear | Villager (Male) |
| 20:41 | Crear | Villager (Male) |
| 20:54 | Crear | Villager (Male) |
| 20:54 | Crear | Villager (Male) |
| 21:01 | Crear | Villager (Male) |
| 21:01 | Crear | Villager (Male) |
| 21:06 | Construir | Farm |
| 21:06 | Construir | Farm |
| 21:07 | Construir | Farm |
| 21:08 | Construir | Farm |
| 21:08 | Construir | Farm |
| 21:09 | Construir | Farm |
| 21:09 | Construir | Farm |
| 21:10 | Construir | Farm |
| 21:10 | Construir | Farm |
| 21:11 | Construir | Farm |
| 21:11 | Construir | Farm |
| 21:11 | Construir | Farm |
| 21:14 | Construir | Farm |
| 21:16 | Crear | Villager (Male) |
| 21:16 | Crear | Villager (Male) ×3 |
| 21:26 | Construir | House |
| 21:37 | Construir | House |
| 21:38 | Construir | House |
| 21:39 | Construir | House |
| 21:41 | Crear | Villager (Male) |
| 21:41 | Crear | Villager (Male) |
| 21:42 | Crear | Villager (Male) |
| 21:56 | Construir | House |
| 21:58 | Crear | Villager (Male) |
| 21:59 | Crear | Villager (Male) |
| 21:59 | Crear | Villager (Male) |
| 22:20 | Crear | Villager (Male) |
| 22:21 | Crear | Villager (Male) |
Build order — VIT | Hera
Primeras 150 de 319 acciones detectadas
| 0:00 | Crear | Villager (Male) |
| 0:01 | Crear | Villager (Male) |
| 0:22 | Crear | Villager (Male) |
| 0:22 | Crear | Villager (Male) |
| 0:22 | Crear | Villager (Male) |
| 1:24 | Crear | Villager (Male) |
| 1:24 | Crear | Villager (Male) |
| 1:57 | Construir | Lumber Camp |
| 2:01 | Crear | Villager (Male) |
| 2:02 | Crear | Villager (Male) |
| 2:18 | Crear | Villager (Male) |
| 2:19 | Crear | Villager (Male) |
| 2:46 | Crear | Villager (Male) |
| 3:02 | Crear | Villager (Male) |
| 3:02 | Crear | Villager (Male) |
| 3:44 | Crear | Villager (Male) |
| 3:45 | Crear | Villager (Male) |
| 4:04 | Crear | Villager (Male) |
| 4:27 | Crear | Villager (Male) |
| 4:27 | Crear | Villager (Male) |
| 4:38 | Crear | Villager (Male) |
| 4:39 | Crear | Villager (Male) |
| 5:15 | Crear | Villager (Male) |
| 5:17 | Crear | Villager (Male) |
| 5:17 | Crear | Villager (Male) |
| 5:18 | Crear | Villager (Male) |
| 5:36 | Construir | Mill |
| 5:50 | Crear | Villager (Male) |
| 5:59 | Crear | Villager (Male) |
| 7:29 | Crear | Villager (Male) |
| 7:52 | Crear | Villager (Male) |
| 7:59 | Construir | Farm |
| 8:21 | Crear | Villager (Male) |
| 8:24 | Construir | Mining Camp |
| 8:47 | Crear | Villager (Male) |
| 8:56 | Construir | Farm |
| 9:09 | Investigar | Feudal Age |
| 9:10 | Investigar | Feudal Age |
| 10:12 | Construir | Farm |
| 10:14 | Construir | Farm |
| 10:53 | Crear | Villager (Male) |
| 11:22 | Edad | Edad Feudal |
| 11:23 | Construir | Market |
| 11:25 | Construir | Blacksmith |
| 11:29 | Investigar | Double-Bit Axe |
| 11:36 | Crear | Villager (Male) |
| 11:44 | Construir | Farm |
| 12:03 | Construir | Farm |
| 12:09 | Crear | Villager (Male) |
| 12:10 | Construir | Farm |
| 12:43 | Investigar | Castle Age |
| 12:44 | Investigar | Castle Age |
| 13:25 | Investigar | Horse Collar |
| 13:25 | Investigar | Horse Collar |
| 15:11 | Investigar | Loom |
| 15:11 | Investigar | Loom |
| 15:23 | Edad | Edad de los Castillos |
| 15:30 | Construir | Castle |
| 15:39 | Investigar | Bow Saw |
| 15:39 | Investigar | Bow Saw |
| 15:41 | Construir | Farm |
| 15:43 | Construir | Farm |
| 15:43 | Construir | Farm |
| 15:45 | Construir | Mining Camp |
| 15:47 | Crear | Villager (Male) |
| 15:51 | Construir | Farm |
| 15:51 | Construir | Farm |
| 15:52 | Construir | Farm |
| 15:58 | Construir | Barracks |
| 16:02 | Construir | Barracks |
| 16:10 | Crear | Villager (Male) |
| 16:31 | Crear | Villager (Male) |
| 16:42 | Construir | Mining Camp |
| 16:48 | Crear | Villager (Male) |
| 17:04 | Crear | Villager (Male) |
| 17:06 | Construir | Farm |
| 17:17 | Construir | Farm |
| 17:21 | Crear | Tarkan |
| 17:21 | Crear | Tarkan |
| 17:29 | Crear | Tarkan |
| 17:30 | Crear | Tarkan |
| 17:34 | Investigar | Scale Barding Armor |
| 17:34 | Investigar | Scale Barding Armor |
| 17:39 | Crear | Villager (Male) |
| 17:54 | Crear | Villager (Male) |
| 17:54 | Crear | Tarkan |
| 17:55 | Crear | Tarkan |
| 17:59 | Investigar | Gold Mining |
| 18:00 | Investigar | Gold Mining |
| 18:02 | Crear | Tarkan |
| 18:12 | Construir | Farm |
| 18:38 | Crear | Villager (Male) |
| 18:38 | Crear | Tarkan |
| 18:40 | Construir | Farm |
| 18:45 | Crear | Tarkan |
| 18:58 | Crear | Tarkan |
| 19:00 | Crear | Villager (Male) |
| 19:22 | Crear | Villager (Male) |
| 19:26 | Crear | Petard |
| 19:26 | Crear | Petard |
| 19:29 | Construir | Farm |
| 19:30 | Construir | Farm |
| 19:47 | Crear | Petard |
| 19:54 | Crear | Villager (Male) |
| 19:59 | Construir | Stable |
| 20:04 | Construir | Farm |
| 20:08 | Crear | Villager (Male) |
| 20:25 | Crear | Villager (Male) |
| 20:51 | Crear | Tarkan |
| 21:08 | Crear | Villager (Male) |
| 21:24 | Crear | Villager (Male) |
| 21:25 | Crear | Tarkan |
| 21:25 | Crear | Tarkan |
| 21:25 | Construir | Farm |
| 21:25 | Construir | Farm |
| 21:35 | Investigar | Chain Barding Armor |
| 21:35 | Investigar | Chain Barding Armor |
| 21:52 | Crear | Villager (Male) |
| 22:06 | Crear | Tarkan |
| 22:06 | Crear | Tarkan |
| 22:12 | Crear | Villager (Male) |
| 22:29 | Crear | Villager (Male) |
| 22:29 | Crear | Tarkan |
| 22:41 | Crear | Villager (Male) |
| 22:50 | Crear | Villager (Male) |
| 22:56 | Crear | Tarkan |
| 23:01 | Construir | Farm |
| 23:02 | Construir | Farm |
| 23:02 | Construir | Farm |
| 23:02 | Construir | Farm |
| 23:02 | Construir | Farm |
| 23:03 | Construir | Farm |
| 23:04 | Construir | Farm |
| 23:04 | Construir | Farm |
| 23:13 | Crear | Villager (Male) |
| 23:25 | Construir | Farm |
| 23:26 | Construir | Farm |
| 23:27 | Construir | Farm |
| 23:41 | Investigar | Bloodlines |
| 23:44 | Crear | Villager (Male) |
| 23:45 | Construir | Farm |
| 23:48 | Construir | Lumber Camp |
| 23:51 | Construir | Farm |
| 23:52 | Construir | Farm |
| 23:55 | Construir | Farm |
| 24:01 | Construir | Farm |
| 24:01 | Crear | Villager (Male) |
| 24:11 | Crear | Tarkan |
| 24:11 | Crear | Tarkan |
| 24:27 | Construir | Monastery |
Build order — KaiZerShift
Primeras 150 de 168 acciones detectadas
| 0:12 | Construir | House |
| 0:19 | Construir | House |
| 0:19 | Crear | Villager (Male) |
| 0:19 | Crear | Villager (Male) |
| 0:20 | Crear | Villager (Male) |
| 0:20 | Crear | Villager (Male) |
| 0:20 | Crear | Villager (Male) |
| 2:14 | Crear | Villager (Male) |
| 2:15 | Crear | Villager (Male) |
| 2:15 | Crear | Villager (Male) |
| 2:43 | Construir | Settlement |
| 2:51 | Crear | Villager (Male) |
| 3:09 | Crear | Villager (Male) |
| 3:35 | Crear | Villager (Male) |
| 4:21 | Crear | Villager (Male) |
| 4:32 | Crear | Villager (Male) |
| 5:15 | Crear | Villager (Male) |
| 5:59 | Crear | Villager (Male) |
| 6:00 | Crear | Villager (Male) |
| 6:01 | Crear | Villager (Male) |
| 6:02 | Investigar | Loom |
| 6:25 | Crear | Villager (Male) |
| 6:34 | Crear | Villager (Male) |
| 7:22 | Crear | Villager (Male) |
| 7:46 | Construir | Settlement |
| 8:35 | Crear | Villager (Male) |
| 8:56 | Crear | Villager (Male) |
| 9:01 | Crear | Villager (Male) |
| 9:48 | Crear | Villager (Male) |
| 10:05 | Investigar | Feudal Age |
| 10:15 | Construir | Farm |
| 10:16 | Construir | Farm |
| 10:20 | Construir | Farm |
| 10:24 | Construir | Farm |
| 11:14 | Construir | Barracks |
| 11:16 | Construir | Barracks |
| 11:21 | Construir | Barracks |
| 11:29 | Construir | Barracks |
| 11:37 | Construir | House |
| 11:37 | Construir | House |
| 11:38 | Construir | House |
| 11:46 | Crear | Villager (Male) |
| 11:47 | Crear | Villager (Male) |
| 12:25 | Edad | Edad Feudal |
| 12:33 | Construir | Market |
| 12:38 | Construir | Blacksmith |
| 12:46 | Construir | Settlement |
| 12:53 | Construir | Blacksmith |
| 12:58 | Crear | Villager (Male) |
| 13:25 | Construir | Farm |
| 13:49 | Crear | Villager (Male) |
| 13:55 | Construir | Farm |
| 13:58 | Construir | Farm |
| 14:20 | Investigar | Castle Age |
| 14:22 | Investigar | Loom |
| 14:25 | Investigar | Tech 1402 |
| 15:00 | Investigar | Double-Bit Axe |
| 15:17 | Crear | Villager (Male) |
| 15:17 | Crear | Villager (Male) |
| 15:37 | Construir | House |
| 15:42 | Construir | House |
| 16:04 | Construir | Stone Wall |
| 16:16 | Construir | Stone Wall |
| 16:31 | Crear | Villager (Male) |
| 16:42 | Construir | House |
| 16:44 | Construir | House |
| 17:00 | Edad | Edad de los Castillos |
| 17:06 | Crear | Villager (Male) |
| 17:06 | Crear | Villager (Male) |
| 17:26 | Crear | Villager (Male) |
| 17:34 | Crear | Villager (Male) |
| 17:46 | Construir | Siege Workshop |
| 17:55 | Crear | Unit 2550 ×4 |
| 17:55 | Crear | Unit 2550 ×4 |
| 17:55 | Crear | Unit 2550 |
| 18:11 | Construir | Stone Wall |
| 18:13 | Construir | Stone Wall |
| 18:27 | Construir | Stone Wall |
| 18:32 | Construir | Stone Wall |
| 18:35 | Construir | Stone Wall |
| 18:36 | Construir | Stone Wall |
| 18:37 | Construir | Stone Wall |
| 18:37 | Construir | Stone Wall |
| 18:38 | Construir | Stone Wall |
| 19:02 | Crear | Scorpion |
| 19:03 | Crear | Scorpion |
| 19:28 | Construir | Farm |
| 19:28 | Crear | Villager (Male) |
| 19:50 | Crear | Villager (Male) |
| 20:02 | Crear | Villager (Male) |
| 20:17 | Construir | Siege Workshop |
| 20:24 | Crear | Scorpion |
| 20:42 | Construir | Castle |
| 22:12 | Crear | Villager (Male) |
| 22:13 | Crear | Villager (Male) |
| 22:13 | Crear | Villager (Male) |
| 22:13 | Crear | Villager (Male) |
| 23:54 | Construir | Town Center |
| 26:52 | Construir | Farm |
| 26:55 | Construir | Farm |
| 26:59 | Construir | Farm |
| 26:59 | Construir | Farm |
| 27:00 | Construir | Farm |
| 27:00 | Construir | Farm |
| 27:00 | Construir | Farm |
| 27:27 | Construir | Farm |
| 28:34 | Crear | Villager (Male) |
| 28:38 | Construir | Farm |
| 29:25 | Crear | Villager (Male) |
| 29:26 | Crear | Villager (Male) |
| 29:26 | Crear | Villager (Male) |
| 29:44 | Crear | Villager (Male) |
| 30:06 | Construir | Barracks |
| 30:49 | Crear | Villager (Male) |
| 31:06 | Crear | Villager (Male) |
| 31:07 | Crear | Villager (Male) |
| 31:10 | Crear | Villager (Male) |
| 31:30 | Construir | Settlement |
| 31:32 | Construir | Farm |
| 31:33 | Construir | Farm |
| 31:34 | Construir | Farm |
| 31:38 | Construir | Farm |
| 33:16 | Crear | Villager (Male) |
| 33:16 | Crear | Villager (Male) |
| 33:16 | Crear | Villager (Male) |
| 33:47 | Crear | Villager (Male) |
| 33:48 | Crear | Villager (Male) |
| 33:52 | Construir | Farm |
| 33:54 | Construir | Farm |
| 33:56 | Construir | Farm |
| 34:40 | Construir | Farm |
| 34:44 | Investigar | Horse Collar |
| 34:47 | Crear | Villager (Male) |
| 35:18 | Crear | Villager (Male) |
| 35:19 | Crear | Villager (Male) |
| 35:19 | Crear | Villager (Male) |
| 35:32 | Construir | Town Center |
| 35:40 | Crear | Villager (Male) |
| 35:40 | Crear | Villager (Male) |
| 36:48 | Crear | Villager (Male) |
| 36:48 | Crear | Villager (Male) |
| 36:49 | Crear | Villager (Male) |
| 36:49 | Crear | Villager (Male) |
| 37:19 | Crear | Villager (Male) |
| 37:19 | Crear | Villager (Male) |
| 37:20 | Crear | Villager (Male) |
| 37:50 | Investigar | Pikeman (upgrade) |
| 37:51 | Investigar | Squires |
| 37:52 | Investigar | Arson |
| 38:07 | Crear | Villager (Male) |
Build order — Mokez
Primeras 150 de 252 acciones detectadas
| 0:01 | Crear | Villager (Male) |
| 0:03 | Construir | House |
| 0:05 | Construir | House |
| 0:05 | Crear | Villager (Male) |
| 0:29 | Crear | Villager (Male) |
| 0:40 | Crear | Villager (Male) |
| 1:35 | Crear | Villager (Male) |
| 1:59 | Construir | Lumber Camp |
| 2:01 | Crear | Villager (Male) |
| 2:51 | Crear | Villager (Male) |
| 2:53 | Crear | Villager (Male) |
| 3:28 | Crear | Villager (Male) |
| 3:53 | Crear | Villager (Male) |
| 4:25 | Construir | House |
| 4:29 | Crear | Villager (Male) |
| 4:59 | Crear | Villager (Male) |
| 5:10 | Construir | House |
| 5:18 | Crear | Villager (Male) |
| 5:47 | Crear | Villager (Male) |
| 5:56 | Construir | Mill |
| 6:04 | Crear | Villager (Male) |
| 6:11 | Construir | House |
| 6:54 | Crear | Villager (Male) |
| 7:06 | Crear | Villager (Male) |
| 7:54 | Crear | Villager (Male) |
| 7:56 | Investigar | Feudal Age |
| 7:57 | Crear | Villager (Male) |
| 8:40 | Construir | Mining Camp |
| 9:50 | Investigar | Loom |
| 10:06 | Edad | Edad Feudal |
| 10:07 | Crear | Villager (Male) |
| 10:16 | Construir | Farm |
| 10:28 | Construir | Farm |
| 10:40 | Construir | Farm |
| 10:44 | Construir | Farm |
| 10:51 | Construir | Farm |
| 10:57 | Investigar | Wheelbarrow |
| 11:04 | Construir | Farm |
| 11:27 | Crear | Villager (Male) |
| 11:48 | Construir | Farm |
| 12:25 | Crear | Villager (Male) |
| 12:38 | Crear | Villager (Male) |
| 13:03 | Crear | Villager (Male) |
| 13:19 | Crear | Villager (Male) |
| 13:35 | Construir | Farm |
| 13:43 | Construir | Blacksmith |
| 13:50 | Investigar | Double-Bit Axe |
| 13:54 | Investigar | Horse Collar |
| 14:34 | Crear | Villager (Male) |
| 14:50 | Construir | Market |
| 15:06 | Construir | Farm |
| 15:08 | Construir | Farm |
| 15:16 | Crear | Villager (Male) |
| 15:18 | Crear | Villager (Male) |
| 15:42 | Investigar | Castle Age |
| 15:46 | Construir | Farm |
| 15:49 | Construir | Farm |
| 15:55 | Construir | Farm |
| 16:00 | Construir | Farm |
| 16:04 | Construir | Farm |
| 16:46 | Investigar | Forging |
| 17:01 | Construir | Barracks |
| 17:08 | Construir | House |
| 17:12 | Investigar | Gold Mining |
| 17:50 | Crear | Villager (Male) |
| 18:22 | Edad | Edad de los Castillos |
| 18:32 | Construir | Town Center |
| 18:35 | Crear | Villager (Male) |
| 19:06 | Construir | Town Center |
| 19:11 | Crear | Villager (Male) ×5 |
| 19:18 | Crear | Villager (Male) ×5 |
| 19:29 | Construir | Lumber Camp |
| 19:34 | Crear | Villager (Male) ×5 |
| 19:59 | Crear | Villager (Male) ×5 |
| 20:12 | Investigar | Heavy Plow |
| 20:24 | Investigar | Bow Saw |
| 20:29 | Crear | Villager (Male) ×2 |
| 20:39 | Construir | Farm |
| 20:42 | Crear | Villager (Male) |
| 20:57 | Construir | Farm |
| 21:12 | Construir | Farm |
| 21:24 | Construir | Farm |
| 21:28 | Construir | Farm |
| 21:30 | Crear | Villager (Male) ×5 |
| 21:56 | Crear | Villager (Male) ×5 |
| 22:02 | Construir | House |
| 22:05 | Construir | House |
| 22:10 | Construir | House |
| 22:24 | Construir | Farm |
| 22:26 | Construir | Farm |
| 22:42 | Investigar | Hand Cart |
| 22:44 | Crear | Villager (Male) ×5 |
| 22:58 | Investigar | Gold Shaft Mining |
| 23:06 | Crear | Villager (Male) ×5 |
| 23:09 | Construir | Farm |
| 23:16 | Construir | Farm |
| 23:24 | Construir | Farm |
| 23:27 | Crear | Villager (Male) ×3 |
| 23:44 | Construir | Farm |
| 24:02 | Crear | Villager (Male) ×3 |
| 24:09 | Construir | Stable |
| 24:25 | Crear | Villager (Male) ×5 |
| 24:32 | Construir | House |
| 24:34 | Construir | House |
| 24:36 | Construir | House |
| 24:38 | Construir | House |
| 24:50 | Crear | Spearman |
| 24:58 | Construir | House |
| 25:00 | Construir | House |
| 25:01 | Construir | House |
| 25:02 | Construir | House |
| 25:14 | Construir | Farm |
| 25:23 | Construir | House |
| 25:25 | Construir | House |
| 25:39 | Crear | Villager (Male) ×5 |
| 25:52 | Construir | Town Center |
| 25:57 | Construir | House |
| 25:59 | Construir | Palisade Wall |
| 26:08 | Crear | Villager (Male) ×5 |
| 26:14 | Construir | House |
| 26:22 | Crear | Villager (Male) |
| 26:22 | Crear | Villager (Male) |
| 26:23 | Crear | Villager (Male) |
| 26:24 | Crear | Villager (Male) ×5 |
| 26:26 | Construir | Farm |
| 26:26 | Construir | Farm |
| 26:26 | Construir | Farm |
| 26:31 | Construir | Farm |
| 26:31 | Construir | Farm |
| 26:31 | Construir | Farm |
| 26:31 | Construir | Farm |
| 26:32 | Construir | Farm |
| 26:32 | Construir | Farm |
| 26:38 | Construir | Farm |
| 26:38 | Construir | Farm |
| 26:38 | Construir | Farm |
| 26:39 | Construir | Farm |
| 26:39 | Construir | Farm |
| 26:47 | Crear | Villager (Male) ×5 |
| 27:46 | Crear | Villager (Male) ×5 |
| 27:52 | Construir | House |
| 27:53 | Construir | House |
| 27:54 | Construir | House |
| 27:55 | Construir | House |
| 27:59 | Construir | House |
| 27:59 | Construir | House |
| 28:01 | Construir | House |
| 28:02 | Construir | House |
| 28:02 | Construir | House |
| 28:06 | Crear | Villager (Male) ×5 |
Build order — Hommi
Primeras 150 de 370 acciones detectadas
| 0:01 | Crear | Villager (Male) |
| 0:01 | Crear | Villager (Male) |
| 0:01 | Crear | Villager (Male) |
| 0:02 | Construir | House |
| 0:03 | Construir | House |
| 0:07 | Crear | Villager (Male) |
| 0:07 | Crear | Villager (Male) |
| 1:28 | Crear | Villager (Male) |
| 1:28 | Crear | Villager (Male) |
| 1:51 | Construir | Lumber Camp |
| 1:58 | Crear | Villager (Male) |
| 1:58 | Crear | Villager (Male) |
| 2:27 | Crear | Villager (Male) |
| 2:27 | Crear | Villager (Male) |
| 2:41 | Crear | Villager (Male) |
| 3:09 | Crear | Villager (Male) |
| 3:09 | Crear | Villager (Male) |
| 3:33 | Crear | Villager (Male) |
| 3:33 | Crear | Villager (Male) |
| 4:00 | Construir | House |
| 4:04 | Crear | Villager (Male) |
| 4:04 | Crear | Villager (Male) |
| 4:30 | Crear | Villager (Male) |
| 4:31 | Crear | Villager (Male) |
| 4:44 | Crear | Villager (Male) |
| 4:45 | Crear | Villager (Male) |
| 4:56 | Construir | Mill |
| 4:58 | Investigar | Loom |
| 5:06 | Crear | Villager (Male) |
| 5:06 | Crear | Villager (Male) |
| 5:08 | Crear | Villager (Male) |
| 5:42 | Crear | Villager (Male) |
| 5:53 | Construir | House |
| 6:01 | Crear | Villager (Male) |
| 6:05 | Crear | Villager (Male) |
| 6:14 | Crear | Villager (Male) |
| 6:35 | Crear | Villager (Male) |
| 7:05 | Crear | Villager (Male) |
| 7:09 | Crear | Villager (Male) |
| 7:20 | Crear | Villager (Male) |
| 8:26 | Construir | Mining Camp |
| 8:46 | Investigar | Feudal Age |
| 8:49 | Construir | House |
| 10:31 | Crear | Villager (Male) |
| 10:31 | Crear | Villager (Male) |
| 10:55 | Crear | Villager (Male) |
| 10:56 | Edad | Edad Feudal |
| 11:02 | Construir | Market |
| 11:06 | Construir | Blacksmith |
| 12:07 | Investigar | Castle Age |
| 12:19 | Construir | Farm |
| 12:20 | Construir | Farm |
| 12:21 | Construir | Farm |
| 12:22 | Construir | Farm |
| 12:45 | Construir | Farm |
| 12:48 | Construir | Farm |
| 13:00 | Construir | Farm |
| 13:05 | Investigar | Horse Collar |
| 13:10 | Construir | Farm |
| 13:33 | Construir | House |
| 13:36 | Investigar | Double-Bit Axe |
| 13:36 | Investigar | Double-Bit Axe |
| 14:38 | Crear | Villager (Male) |
| 14:51 | Edad | Edad de los Castillos |
| 14:54 | Construir | Town Center |
| 14:56 | Crear | Villager (Male) |
| 15:00 | Construir | Town Center |
| 15:03 | Crear | Villager (Male) |
| 15:24 | Construir | Farm |
| 15:33 | Crear | Villager (Male) |
| 15:36 | Crear | Villager (Male) |
| 15:42 | Crear | Villager (Male) |
| 15:52 | Construir | Farm |
| 16:03 | Crear | Villager (Male) |
| 16:06 | Crear | Villager (Male) |
| 16:11 | Crear | Villager (Male) |
| 16:15 | Construir | Farm |
| 16:15 | Construir | Farm |
| 16:15 | Construir | Farm |
| 16:16 | Construir | Farm |
| 16:17 | Crear | Villager (Male) |
| 16:28 | Crear | Villager (Male) |
| 16:32 | Crear | Villager (Male) |
| 16:40 | Crear | Villager (Male) |
| 16:47 | Construir | Farm |
| 16:48 | Crear | Villager (Male) |
| 16:51 | Construir | Farm |
| 16:53 | Construir | Farm |
| 16:59 | Crear | Villager (Male) |
| 17:08 | Crear | Villager (Male) |
| 17:20 | Construir | House |
| 17:21 | Construir | House |
| 17:27 | Construir | Monastery |
| 17:29 | Crear | Villager (Male) |
| 17:30 | Crear | Villager (Male) |
| 17:31 | Crear | Villager (Male) |
| 17:33 | Construir | Farm |
| 17:34 | Construir | Farm |
| 17:35 | Crear | Villager (Male) |
| 17:55 | Crear | Villager (Male) |
| 17:56 | Crear | Villager (Male) |
| 17:58 | Crear | Villager (Male) |
| 17:59 | Crear | Villager (Male) |
| 18:03 | Crear | Villager (Male) |
| 18:03 | Crear | Villager (Male) |
| 18:09 | Construir | House |
| 18:13 | Crear | Monk |
| 18:22 | Crear | Villager (Male) |
| 18:24 | Crear | Villager (Male) |
| 18:31 | Crear | Villager (Male) |
| 18:39 | Crear | Villager (Male) |
| 18:51 | Crear | Villager (Male) |
| 18:54 | Construir | Farm |
| 18:55 | Construir | Farm |
| 19:03 | Construir | House |
| 19:04 | Construir | House |
| 19:10 | Crear | Villager (Male) |
| 19:19 | Crear | Villager (Male) |
| 19:20 | Crear | Villager (Male) |
| 19:27 | Construir | Town Center |
| 19:28 | Crear | Villager (Male) |
| 19:35 | Crear | Villager (Male) |
| 19:43 | Crear | Villager (Male) |
| 19:43 | Crear | Monk |
| 19:54 | Crear | Villager (Male) |
| 19:56 | Crear | Villager (Male) |
| 19:59 | Construir | Farm |
| 19:59 | Construir | Farm |
| 19:59 | Construir | Farm |
| 20:00 | Construir | Farm |
| 20:00 | Construir | Farm |
| 20:00 | Construir | Farm |
| 20:00 | Construir | Farm |
| 20:04 | Construir | House |
| 20:05 | Construir | House |
| 20:07 | Crear | Villager (Male) |
| 20:11 | Crear | Villager (Male) |
| 20:16 | Crear | Villager (Male) |
| 20:26 | Construir | Farm |
| 20:34 | Crear | Villager (Male) |
| 20:35 | Crear | Villager (Male) |
| 20:44 | Construir | Farm |
| 20:46 | Crear | Villager (Male) |
| 20:50 | Crear | Villager (Male) |
| 20:57 | Construir | House |
| 20:57 | Construir | House |
| 20:58 | Crear | Villager (Male) |
| 21:05 | Crear | Villager (Male) |
| 21:09 | Construir | Farm |
| 21:12 | Crear | Villager (Male) |
Build order — Chasers
Primeras 150 de 307 acciones detectadas
| 0:00 | Crear | Villager (Male) |
| 0:00 | Crear | Villager (Male) |
| 0:01 | Crear | Villager (Male) |
| 0:02 | Construir | House |
| 0:02 | Construir | House |
| 0:27 | Crear | Villager (Male) |
| 0:28 | Crear | Villager (Male) |
| 1:25 | Crear | Villager (Male) |
| 1:48 | Construir | Lumber Camp |
| 1:57 | Crear | Villager (Male) |
| 1:57 | Crear | Villager (Male) |
| 2:36 | Crear | Villager (Male) |
| 2:38 | Crear | Villager (Male) |
| 3:04 | Crear | Villager (Male) |
| 3:04 | Crear | Villager (Male) |
| 3:34 | Crear | Villager (Male) |
| 3:40 | Construir | House |
| 3:42 | Construir | House |
| 4:00 | Crear | Villager (Male) |
| 4:26 | Crear | Villager (Male) |
| 4:26 | Crear | Villager (Male) |
| 4:44 | Crear | Villager (Male) |
| 4:44 | Crear | Villager (Male) |
| 4:44 | Crear | Villager (Male) |
| 4:45 | Crear | Villager (Male) |
| 5:35 | Construir | Mill |
| 5:45 | Crear | Villager (Male) |
| 5:46 | Crear | Villager (Male) |
| 6:09 | Crear | Villager (Male) |
| 6:36 | Investigar | Feudal Age |
| 7:17 | Crear | Villager (Male) |
| 7:22 | Construir | House |
| 7:33 | Crear | Villager (Male) |
| 7:50 | Construir | House |
| 8:56 | Edad | Edad Feudal |
| 8:59 | Construir | Town Center |
| 9:00 | Crear | Villager (Male) |
| 9:04 | Investigar | Double-Bit Axe |
| 9:10 | Investigar | Horse Collar |
| 9:12 | Crear | Villager (Male) |
| 10:09 | Crear | Villager (Male) |
| 10:26 | Construir | Farm |
| 10:29 | Construir | Farm |
| 10:31 | Construir | Farm |
| 10:34 | Construir | Farm |
| 10:36 | Construir | Farm |
| 10:41 | Crear | Villager (Male) |
| 11:10 | Construir | Farm |
| 11:12 | Crear | Villager (Male) |
| 11:33 | Crear | Villager (Male) |
| 11:39 | Crear | Villager (Male) |
| 11:42 | Construir | Farm |
| 12:03 | Crear | Villager (Male) |
| 12:04 | Crear | Villager (Male) |
| 12:08 | Construir | Farm |
| 12:26 | Crear | Villager (Male) |
| 12:29 | Construir | Farm |
| 12:31 | Construir | Farm |
| 12:35 | Crear | Villager (Male) |
| 12:38 | Construir | Farm |
| 13:17 | Crear | Villager (Male) |
| 13:18 | Crear | Villager (Male) |
| 13:18 | Crear | Villager (Male) |
| 13:20 | Construir | Farm |
| 13:29 | Crear | Villager (Male) |
| 13:38 | Construir | Farm |
| 13:49 | Crear | Villager (Male) |
| 13:50 | Crear | Villager (Male) |
| 13:53 | Construir | Farm |
| 13:57 | Crear | Villager (Male) |
| 13:59 | Crear | Villager (Male) |
| 14:01 | Construir | Farm |
| 14:03 | Crear | Villager (Male) |
| 14:06 | Crear | Villager (Male) |
| 14:31 | Construir | Mining Camp |
| 14:33 | Crear | Villager (Male) |
| 14:35 | Crear | Villager (Male) |
| 14:39 | Crear | Villager (Male) |
| 14:41 | Crear | Villager (Male) |
| 14:46 | Crear | Villager (Male) |
| 15:03 | Construir | House |
| 15:07 | Investigar | Loom |
| 15:09 | Investigar | Wheelbarrow |
| 15:12 | Construir | Farm |
| 15:12 | Construir | Farm |
| 15:12 | Construir | Farm |
| 15:13 | Construir | Farm |
| 15:13 | Construir | Farm |
| 15:13 | Construir | Farm |
| 15:13 | Construir | Farm |
| 15:13 | Construir | Farm |
| 15:20 | Crear | Villager (Male) |
| 15:22 | Crear | Villager (Male) |
| 15:29 | Construir | House |
| 15:30 | Construir | House |
| 15:31 | Construir | House |
| 15:52 | Crear | Villager (Male) |
| 16:01 | Construir | Farm |
| 16:07 | Construir | Farm |
| 16:09 | Crear | Villager (Male) |
| 16:11 | Crear | Villager (Male) |
| 16:18 | Crear | Villager (Male) |
| 16:19 | Crear | Villager (Male) |
| 16:25 | Crear | Villager (Male) |
| 16:26 | Crear | Villager (Male) |
| 16:34 | Construir | House |
| 16:42 | Construir | Barracks |
| 16:48 | Crear | Villager (Male) |
| 16:48 | Crear | Villager (Male) |
| 17:12 | Construir | Blacksmith |
| 17:16 | Construir | House |
| 17:16 | Construir | House |
| 17:22 | Crear | Villager (Male) |
| 17:22 | Crear | Villager (Male) |
| 17:27 | Construir | Farm |
| 17:30 | Crear | Villager (Male) |
| 17:34 | Crear | Villager (Male) |
| 17:54 | Construir | Stable |
| 18:15 | Crear | Villager (Male) |
| 18:22 | Construir | Farm |
| 18:22 | Construir | Farm |
| 18:22 | Construir | Farm |
| 18:23 | Crear | Villager (Male) |
| 18:25 | Investigar | Gold Mining |
| 18:27 | Crear | Villager (Male) |
| 18:31 | Crear | Villager (Male) |
| 18:43 | Crear | Villager (Male) |
| 18:55 | Construir | Stable |
| 19:01 | Construir | Stable |
| 19:02 | Construir | Stable |
| 19:06 | Investigar | Castle Age |
| 19:07 | Crear | Villager (Male) |
| 19:15 | Construir | House |
| 19:15 | Construir | House |
| 19:16 | Investigar | Forging |
| 19:17 | Investigar | Scale Barding Armor |
| 20:01 | Crear | Villager (Male) |
| 20:02 | Crear | Villager (Male) |
| 20:02 | Crear | Villager (Male) |
| 20:07 | Construir | House |
| 20:08 | Construir | House |
| 20:14 | Construir | Lumber Camp |
| 20:20 | Construir | House |
| 20:20 | Construir | House |
| 20:24 | Investigar | Bloodlines |
| 20:54 | Crear | Villager (Male) |
| 20:54 | Crear | Villager (Male) |
| 20:54 | Crear | Villager (Male) |
| 20:55 | Crear | Villager (Male) |
| 20:56 | Crear | Villager (Male) |
Build order — King Zilli
Primeras 150 de 309 acciones detectadas
| 0:04 | Crear | Villager (Male) |
| 0:04 | Crear | Villager (Male) |
| 0:05 | Crear | Villager (Male) |
| 0:05 | Crear | Villager (Male) |
| 0:07 | Construir | House |
| 0:10 | Construir | House |
| 1:27 | Crear | Villager (Male) |
| 1:51 | Construir | Lumber Camp |
| 2:00 | Crear | Villager (Male) |
| 2:13 | Crear | Villager (Male) |
| 2:39 | Crear | Villager (Male) |
| 3:04 | Crear | Villager (Male) |
| 3:04 | Crear | Villager (Male) |
| 3:15 | Crear | Villager (Male) |
| 4:04 | Construir | House |
| 4:26 | Crear | Villager (Male) |
| 4:27 | Crear | Villager (Male) |
| 4:27 | Crear | Villager (Male) |
| 5:22 | Crear | Villager (Male) |
| 5:22 | Crear | Villager (Male) |
| 5:23 | Crear | Villager (Male) |
| 5:38 | Construir | House |
| 5:49 | Crear | Villager (Male) |
| 6:00 | Crear | Villager (Male) |
| 6:25 | Construir | Mill |
| 6:35 | Crear | Villager (Male) |
| 6:36 | Crear | Villager (Male) |
| 6:56 | Crear | Villager (Male) |
| 7:22 | Crear | Villager (Male) |
| 8:00 | Construir | Mining Camp |
| 8:27 | Investigar | Feudal Age |
| 8:28 | Crear | Villager (Male) |
| 8:28 | Crear | Villager (Male) |
| 8:40 | Construir | Farm |
| 8:41 | Construir | Farm |
| 8:43 | Construir | Farm |
| 10:52 | Edad | Edad Feudal |
| 10:55 | Construir | Blacksmith |
| 10:59 | Construir | Market |
| 11:22 | Construir | House |
| 12:02 | Investigar | Castle Age |
| 12:38 | Construir | Farm |
| 13:23 | Investigar | Double-Bit Axe |
| 13:25 | Investigar | Horse Collar |
| 14:11 | Crear | Villager (Male) |
| 14:12 | Crear | Villager (Male) |
| 14:38 | Construir | Mining Camp |
| 14:49 | Edad | Edad de los Castillos |
| 14:52 | Construir | Town Center |
| 15:05 | Construir | Town Center |
| 15:22 | Investigar | Bow Saw |
| 15:28 | Crear | Villager (Male) |
| 15:28 | Crear | Villager (Male) |
| 15:33 | Construir | Farm |
| 15:47 | Construir | Farm |
| 15:52 | Construir | Farm |
| 16:13 | Construir | Farm |
| 16:14 | Construir | Farm |
| 16:14 | Construir | Farm |
| 16:29 | Crear | Villager (Male) |
| 16:30 | Crear | Villager (Male) |
| 16:33 | Construir | Farm |
| 16:33 | Construir | Farm |
| 16:34 | Construir | Farm |
| 16:34 | Construir | Farm |
| 16:40 | Crear | Villager (Male) |
| 16:52 | Construir | Farm |
| 16:57 | Crear | Villager (Male) |
| 16:57 | Crear | Villager (Male) |
| 17:10 | Construir | Farm |
| 17:14 | Construir | House |
| 17:17 | Construir | House |
| 17:20 | Crear | Villager (Male) |
| 17:20 | Crear | Villager (Male) |
| 17:28 | Construir | Farm |
| 17:38 | Construir | House |
| 17:45 | Construir | University |
| 17:46 | Crear | Villager (Male) |
| 17:48 | Crear | Villager (Male) |
| 17:53 | Construir | Farm |
| 18:00 | Crear | Villager (Male) |
| 18:00 | Crear | Villager (Male) |
| 18:17 | Construir | Farm |
| 18:19 | Crear | Villager (Male) |
| 18:19 | Crear | Villager (Male) |
| 18:22 | Construir | Farm |
| 18:32 | Construir | Farm |
| 18:39 | Crear | Villager (Male) |
| 18:39 | Crear | Villager (Male) |
| 18:49 | Construir | Farm |
| 18:51 | Crear | Villager (Male) |
| 18:52 | Crear | Villager (Male) |
| 18:55 | Construir | Farm |
| 19:09 | Construir | Farm |
| 19:12 | Crear | Villager (Male) |
| 19:22 | Construir | Farm |
| 19:24 | Crear | Villager (Male) |
| 19:24 | Crear | Villager (Male) |
| 19:27 | Construir | Farm |
| 19:38 | Construir | Farm |
| 19:41 | Crear | Villager (Male) |
| 19:46 | Construir | Farm |
| 19:58 | Crear | Villager (Male) |
| 19:59 | Crear | Villager (Male) |
| 20:09 | Crear | Villager (Male) |
| 20:20 | Construir | Farm |
| 20:25 | Construir | Farm |
| 20:28 | Investigar | Wheelbarrow |
| 20:32 | Construir | Farm |
| 20:34 | Crear | Villager (Male) |
| 20:34 | Crear | Villager (Male) |
| 20:39 | Construir | Farm |
| 20:52 | Construir | Lumber Camp |
| 20:57 | Crear | Villager (Male) |
| 20:57 | Crear | Villager (Male) |
| 21:02 | Crear | Villager (Male) |
| 21:08 | Crear | Villager (Male) |
| 21:08 | Crear | Villager (Male) |
| 21:20 | Crear | Villager (Male) |
| 21:20 | Crear | Villager (Male) |
| 21:29 | Construir | House |
| 21:31 | Construir | House |
| 21:36 | Construir | Farm |
| 21:42 | Crear | Villager (Male) |
| 21:42 | Crear | Villager (Male) |
| 21:53 | Construir | House |
| 21:56 | Construir | House |
| 21:57 | Construir | House |
| 21:58 | Crear | Villager (Male) |
| 21:58 | Crear | Villager (Male) |
| 22:00 | Construir | Farm |
| 22:14 | Construir | Farm |
| 22:20 | Crear | Villager (Male) |
| 22:20 | Crear | Villager (Male) |
| 22:26 | Construir | Farm |
| 22:26 | Construir | Farm |
| 22:27 | Construir | Farm |
| 22:27 | Construir | Farm |
| 22:27 | Construir | Farm |
| 22:39 | Crear | Villager (Male) |
| 22:39 | Crear | Villager (Male) |
| 22:51 | Construir | Farm |
| 22:56 | Construir | Farm |
| 23:01 | Investigar | Hand Cart |
| 23:02 | Crear | Villager (Male) |
| 23:02 | Crear | Villager (Male) |
| 23:03 | Crear | Villager (Male) |
| 23:07 | Construir | House |
| 23:08 | Construir | House |
| 23:12 | Construir | Farm |
Build order — SukeLW
Primeras 150 de 311 acciones detectadas
| 0:03 | Construir | House |
| 0:05 | Construir | House |
| 0:06 | Crear | Villager (Male) |
| 0:06 | Crear | Villager (Male) |
| 0:06 | Crear | Villager (Male) |
| 0:06 | Crear | Villager (Male) |
| 1:54 | Construir | Lumber Camp |
| 1:55 | Crear | Villager (Male) |
| 2:04 | Crear | Villager (Male) |
| 2:28 | Crear | Villager (Male) |
| 2:52 | Crear | Villager (Male) |
| 2:52 | Crear | Villager (Male) |
| 3:10 | Crear | Villager (Male) |
| 3:47 | Construir | House |
| 3:53 | Crear | Villager (Male) |
| 4:17 | Construir | Mill |
| 4:26 | Crear | Villager (Male) |
| 4:26 | Crear | Villager (Male) |
| 6:01 | Crear | Villager (Male) |
| 6:01 | Crear | Villager (Male) |
| 6:02 | Crear | Villager (Male) |
| 6:02 | Crear | Villager (Male) |
| 6:14 | Crear | Villager (Male) |
| 6:50 | Construir | House |
| 8:02 | Crear | Villager (Male) |
| 8:02 | Crear | Villager (Male) |
| 8:09 | Investigar | Loom |
| 8:15 | Investigar | Feudal Age |
| 9:17 | Construir | Lumber Camp |
| 9:23 | Construir | Farm |
| 9:24 | Construir | Farm |
| 9:47 | Crear | Villager (Male) |
| 9:48 | Crear | Villager (Male) |
| 9:51 | Crear | Villager (Male) |
| 10:11 | Construir | Farm |
| 10:12 | Construir | Farm |
| 10:12 | Construir | Farm |
| 10:12 | Construir | Farm |
| 10:13 | Construir | Farm |
| 10:13 | Construir | Farm |
| 10:40 | Edad | Edad Feudal |
| 10:42 | Construir | Farm |
| 10:46 | Crear | Villager (Male) |
| 11:09 | Construir | Mining Camp |
| 11:11 | Crear | Villager (Male) |
| 11:36 | Construir | House |
| 11:41 | Construir | House |
| 11:47 | Construir | House |
| 11:52 | Investigar | Double-Bit Axe |
| 11:56 | Investigar | Gold Mining |
| 12:29 | Construir | Farm |
| 12:45 | Crear | Villager (Male) |
| 12:45 | Crear | Villager (Male) |
| 13:32 | Crear | Villager (Male) |
| 13:43 | Construir | Blacksmith |
| 13:48 | Construir | Market |
| 14:09 | Investigar | Town Watch |
| 14:14 | Crear | Villager (Male) |
| 14:28 | Construir | Farm |
| 14:44 | Construir | Farm |
| 15:11 | Investigar | Castle Age |
| 15:12 | Crear | Villager (Male) |
| 15:52 | Crear | Villager (Male) |
| 15:52 | Crear | Villager (Male) |
| 16:02 | Construir | Mining Camp |
| 16:11 | Investigar | Horse Collar |
| 16:36 | Construir | Barracks |
| 16:47 | Edad | Edad de los Castillos |
| 16:48 | Construir | Farm |
| 16:48 | Construir | Farm |
| 16:48 | Construir | Farm |
| 16:58 | Construir | Farm |
| 17:32 | Construir | Town Center |
| 18:08 | Construir | Town Center |
| 18:21 | Investigar | Bow Saw |
| 18:28 | Construir | Farm |
| 18:35 | Crear | Villager (Male) |
| 18:35 | Crear | Villager (Male) |
| 18:36 | Crear | Villager (Male) |
| 18:52 | Crear | Villager (Male) |
| 18:53 | Crear | Villager (Male) |
| 18:53 | Crear | Villager (Male) |
| 19:43 | Crear | Villager (Male) |
| 19:46 | Crear | Villager (Male) |
| 19:46 | Crear | Villager (Male) |
| 19:47 | Crear | Villager (Male) |
| 19:47 | Crear | Villager (Male) |
| 19:47 | Crear | Villager (Male) |
| 19:48 | Crear | Villager (Male) |
| 20:03 | Construir | Town Center |
| 20:06 | Crear | Villager (Male) |
| 20:10 | Construir | Farm |
| 20:23 | Crear | Villager (Male) |
| 20:23 | Crear | Villager (Male) |
| 20:31 | Crear | Villager (Male) |
| 20:40 | Construir | Farm |
| 20:41 | Construir | Farm |
| 20:52 | Construir | House |
| 20:53 | Construir | House |
| 20:54 | Construir | House |
| 21:21 | Crear | Villager (Male) |
| 21:22 | Crear | Villager (Male) |
| 21:23 | Crear | Villager (Male) |
| 21:30 | Crear | Villager (Male) |
| 21:30 | Crear | Villager (Male) |
| 21:48 | Construir | Farm |
| 21:48 | Construir | Farm |
| 21:48 | Construir | Farm |
| 21:49 | Construir | Farm |
| 21:49 | Construir | Farm |
| 21:49 | Construir | Farm |
| 21:56 | Construir | House |
| 21:58 | Construir | House |
| 21:59 | Construir | House |
| 21:59 | Construir | House |
| 22:29 | Investigar | Man-at-Arms (upgrade) |
| 22:31 | Investigar | Squires |
| 22:34 | Crear | Villager (Male) |
| 22:40 | Crear | Villager (Male) |
| 22:56 | Construir | Archery Range |
| 22:57 | Construir | Archery Range |
| 22:58 | Construir | Archery Range |
| 23:12 | Construir | Farm |
| 23:15 | Construir | Farm |
| 23:15 | Construir | Farm |
| 23:15 | Construir | Farm |
| 23:16 | Construir | Farm |
| 23:17 | Crear | Villager (Male) |
| 23:17 | Crear | Villager (Male) |
| 23:17 | Crear | Villager (Male) |
| 23:18 | Crear | Villager (Male) |
| 23:22 | Crear | Villager (Male) |
| 23:22 | Crear | Villager (Male) |
| 23:28 | Construir | House |
| 23:29 | Construir | House |
| 23:29 | Construir | House |
| 23:36 | Construir | Farm |
| 23:38 | Crear | Villager (Male) |
| 23:43 | Crear | Villager (Male) |
| 24:44 | Construir | Castle |
| 24:53 | Investigar | Crossbowman (upgrade) |
| 24:53 | Investigar | Crossbowman (upgrade) |
| 24:54 | Investigar | Thumb Ring |
| 24:58 | Crear | Villager (Male) |
| 24:58 | Crear | Villager (Male) |
| 24:59 | Crear | Villager (Male) |
| 25:04 | Construir | Farm |
| 25:04 | Construir | Farm |
| 25:04 | Construir | Farm |
| 25:05 | Construir | Farm |
Cronología de la partida
| 8:56 | Chasers · age_up feudal |
| 10:06 | Mokez · age_up feudal |
| 10:40 | SukeLW · age_up feudal |
| 10:52 | King Zilli · age_up feudal |
| 10:56 | Hommi · age_up feudal |
| 11:14 | KaiZerShift · first_building Barracks |
| 11:22 | VIT | Hera · age_up feudal |
| 11:37 | [DSbZ]Querkraft · age_up feudal |
| 12:25 | KaiZerShift · age_up feudal |
| 12:33 | VIT | Hera · first_market_sell 100 stone |
| 14:14 | KaiZerShift · first_market_sell 100 stone |
| 14:19 | KaiZerShift · first_market_buy 100 food |
| 14:49 | King Zilli · age_up castle |
| 14:51 | Hommi · age_up castle |
| 15:10 | [DSbZ]Querkraft · age_up castle |
| 15:23 | VIT | Hera · age_up castle |
| 15:30 | VIT | Hera · first_building Castle |
| 15:58 | VIT | Hera · first_building Barracks |
| 16:04 | KaiZerShift · wall_segment Stone Wall x5 |
| 16:16 | KaiZerShift · wall_segment Stone Wall x7 |
| 16:36 | SukeLW · first_building Barracks |
| 16:42 | Chasers · first_building Barracks |
| 16:47 | SukeLW · age_up castle |
| 17:00 | KaiZerShift · age_up castle |
| 17:01 | Mokez · first_building Barracks |
| 17:27 | Hommi · first_building Monastery |
| 17:46 | KaiZerShift · first_building Siege Workshop |
| 17:54 | Chasers · first_building Stable |
| 18:00 | SukeLW · first_market_buy 100 wood |
| 18:11 | KaiZerShift · wall_segment Stone Wall x6 |
| 18:13 | KaiZerShift · wall_segment Stone Wall x3 |
| 18:22 | Mokez · age_up castle |
| 18:27 | KaiZerShift · wall_segment Stone Wall x3 |
| 18:29 | [DSbZ]Querkraft · first_building Monastery |
| 18:32 | KaiZerShift · wall_segment Stone Wall x4 |
| 18:35 | KaiZerShift · wall_segment Stone Wall x2 |
| 18:36 | KaiZerShift · wall_segment Stone Wall x1 |
| 18:37 | KaiZerShift · wall_segment Stone Wall x1 |
| 18:37 | KaiZerShift · wall_segment Stone Wall x1 |
| 18:38 | KaiZerShift · wall_segment Stone Wall x1 |
| 18:44 | Mokez · first_market_buy 100 wood |
| 19:26 | VIT | Hera · first_market_buy 100 food |
| 19:59 | VIT | Hera · first_building Stable |
| 20:42 | KaiZerShift · first_building Castle |
| 21:47 | Chasers · age_up castle |
| 22:36 | Hommi · first_building Siege Workshop |
| 22:56 | SukeLW · first_building Archery Range |
| 23:52 | [DSbZ]Querkraft · first_building Barracks |
| 24:09 | Mokez · first_building Stable |
| 24:14 | King Zilli · first_building Monastery |
| 24:27 | VIT | Hera · first_building Monastery |
| 24:44 | SukeLW · first_building Castle |
| 25:01 | [DSbZ]Querkraft · first_building Stable |
| 25:47 | Hommi · first_building Castle |
| 25:59 | Mokez · wall_segment Palisade Wall x1 |
| 26:45 | King Zilli · first_building Barracks |
| 27:00 | Hommi · first_building Barracks |
| 27:20 | Hommi · first_building Stable |
| 27:48 | Chasers · first_market_sell 100 wood |
| 27:58 | Hommi · age_up imperial |
| 28:03 | King Zilli · age_up imperial |
| 28:06 | King Zilli · first_building Archery Range |
| 28:15 | Mokez · first_building Castle |
| 28:15 | [DSbZ]Querkraft · first_building Castle |
| 29:19 | King Zilli · first_market_sell 100 food |
| 29:35 | SukeLW · first_market_sell 100 wood |
| 30:15 | Hommi · first_market_sell 100 wood |
| 31:32 | SukeLW · age_up imperial |
| 32:06 | Chasers · resign |
| 32:24 | King Zilli · first_building Castle |
| 34:24 | VIT | Hera · first_building Archery Range |
| 36:14 | [DSbZ]Querkraft · first_market_buy 100 stone |
| 36:38 | VIT | Hera · age_up imperial |
| 37:27 | Hommi · tribute_sent a jugador 1 |
| 37:27 | Hommi · tribute_sent a jugador 2 |
| 37:27 | Hommi · tribute_sent a jugador 3 |
| 37:27 | Hommi · tribute_sent a jugador 5 |
| 37:27 | Hommi · tribute_sent a jugador 6 |
| 37:27 | Hommi · tribute_sent a jugador 7 |
| 37:27 | Hommi · tribute_sent a jugador 8 |
| 37:28 | Mokez · first_building Archery Range |
| 37:42 | SukeLW · first_building Monastery |
[ ANÁLISIS IA · 1 CRÉDITO ]
¿Qué pasó realmente en esta partida?
Wolo.gg analiza cada decisión: build order, eco, micro, errores típicos por bracket. Análisis personalizado por WhatsApp o Discord en 30 segundos.
Guía civ
Georgianos
Perfil
[DSbZ]Querkraft